 Dungeon Crawl Stone Soup version 0.17.0-28-g6e173f8 (webtiles) character file.

233 dvd the Gusty (level 5, 0/32 HPs)
             Began as a High Elf Air Elementalist on Dec 3, 2015.
             Was an Initiate of Ashenzari.
             Succumbed to poison (a potion of poison)
             ... on level 4 of the Dungeon.
             The game lasted 00:10:09 (2763 turns).

dvd the Gusty (High Elf Air Elementalist)           Turns: 2763, Time: 00:10:09

Health: 0/32       AC:  2    Str:  7    XL:     5   Next: 75%
Magic:  6/11       EV: 13    Int: 20    God:    Ashenzari [......]
Gold:   141        SH:  0    Dex: 15    Spells: 3 memorised, 5 levels left

rFire  . . .     SeeInvis .     d - +1 short sword (speed)
rCold  . . .     Clarity  .     a - +0 robe
rNeg   . . .     SustAt   .     (no shield)
rPois  .         Gourm    .     (no helmet)
rElec  .         Spirit   .     (no cloak)
rCorr  .         Warding  .     (no gloves)
rMut   .         Stasis   .     (no boots)
MR     .....                    m - amulet of rage
Stlth  +++.......               (no ring)
                                (no ring)

@: lethally poisoned (0 -> -8), very slightly contaminated, hasted, repel
missiles, very quick, not resistant to hostile enchantments, fairly stealthy
A: no striking features
a: Renounce Religion, Evoke Berserk Rage


You were on level 4 of the Dungeon.
You worshipped Ashenzari.
Ashenzari was noncommittal.
You were not hungry.

You visited 1 branch of the dungeon, and saw 5 of its levels.

You collected 141 gold pieces.

Inventory:

Hand Weapons
 d - a +1 short sword of speed (weapon)
Armour
 a - a +0 robe (worn)
Jewellery
 m - an amulet of rage (around neck)
Scrolls
 e - 2 scrolls of remove curse
 h - 2 scrolls of noise {unknown}
 j - 4 scrolls of identify {unknown}
 k - a scroll of magic mapping {unknown}
 l - a scroll of teleportation {unknown}
Books
 b - a book of Air

   Spells                             Type                      Level
   a - Shock                          Conjuration/Air              1
   b - Swiftness                      Charms/Air                   2
   c - Repel Missiles                 Charms/Air                   2
   d - Static Discharge               Conjuration/Air              3
   e - Lightning Bolt                 Conjuration/Air              5
 o - a book of the Dragon

   Spells                             Type                      Level
   a - Flame Tongue                   Conjuration/Fire             1
   b - Cause Fear                     Hexes                        4
   c - Bolt of Fire                   Conjuration/Fire             6
   d - Dragon Form                    Transmutation                7
   e - Dragon's Call                  Summoning                    9
Comestibles
 c - 3 bread rations
 f - a meat ration


   Skills:
 + Level 0.4 Fighting
 + Level 0.5 Short Blades
 + Level 3.0 Dodging
 + Level 3.6 Stealth
 + Level 3.7 Spellcasting
 + Level 2.8 Conjurations
 + Level 5.0 Air Magic


You had 5 spell levels left.
You knew the following spells:

 Your Spells              Type           Power        Failure   Level  Hunger
a - Shock                 Conj/Air       ###.         2%          1    None
b - Repel Missiles        Chrm/Air       ##....       10%         2    ##.....
c - Static Discharge      Conj/Air       ###.....     10%         3    ###....


Dungeon Overview and Level Annotations

Branches:
Dungeon (5/15)
 Temple: D:4-7

Altars:
Ashenzari
Kikubaaqudgha
Okawaru
Vehumet


Message History

Casting: Shock
Confirm with . or Enter, or press ? or * to list all spells.
Aiming: Shock
Press: ? - help, Shift-Dir - straight line, f/p - iguana
Aim: an iguana (heavily wounded)
The zap hits the iguana.
The iguana is severely wounded.
You feel sick. The iguana bites you!
* * * LOW HITPOINT WARNING * * *
You hit the iguana but do no damage.
The iguana is severely wounded.
The iguana barely misses you.
You hit the iguana.
The iguana is severely wounded.
* * * LOW HITPOINT WARNING * * *
You feel sick.
You hit the iguana.
You kill the iguana!
Your Dodging skill increases to level 3!
You die...

#######
###.....#
.......#
######......#
###.
........>...#
#...
######>....#
(.#
.....)..@...#
##.#
.########....#
...#.# # .....#
.....# . ....##
.##### .# #####
..# ##.####
..######o.....#
..##..l....#
#....##>.(##


There were no monsters in sight!

Vanquished Creatures
  A water moccasin skeleton (D:4)
  A hound (D:4)
  An iguana (D:4)
  7 adders
  A gnoll (D:1)
  A shadow imp (D:4)
  2 worms
  A giant gecko (D:4)
  6 orcs
  4 bats
  4 hobgoblins
  2 jackals (D:2)
  A ball python (D:2)
  4 giant newts
  3 goblins
  A jackal skeleton (D:4)
  10 kobolds
  3 rats
53 creatures vanquished.

Notes
Turn   | Place    | Note
--------------------------------------------------------------
     0 | D:1      | dvd the High Elf Air Elementalist began the quest for the Orb.
     0 | D:1      | Reached XP level 1. HP: 11/11 MP: 4/4
   171 | D:1      | Reached XP level 2. HP: 17/17 MP: 2/6
   353 | D:1      | Reached skill level 4 in Air Magic
   567 | D:1      | Reached XP level 3. HP: 6/21 MP: 0/8
   791 | D:1      | Learned a level 2 spell: Repel Missiles
   796 | D:1      | Learned a level 3 spell: Static Discharge
  1411 | D:2      | Found a shattered altar of Ashenzari.
  1437 | D:2      | Became a worshipper of Ashenzari the Shackled
  1585 | D:2      | Reached XP level 4. HP: 27/27 MP: 7/9
  2064 | D:3      | Found an ancient bone altar of Kikubaaqudgha.
  2127 | D:3      | Found an iron altar of Okawaru.
  2150 | D:3      | Noticed a spider
  2150 | D:3      | Noticed a vampire mosquito
  2150 | D:3      | Found a radiant altar of Vehumet.
  2350 | D:4      | Reached XP level 5. HP: 15/32 MP: 7/10
  2417 | D:4      | Reached skill level 5 in Air Magic
  2711 | D:4      | Noticed a phantom
  2729 | D:5      | Entered Level 5 of the Dungeon
  2729 | D:5      | Noticed an ogre
  2761 | D:4      | HP: 1/32 [poison (a potion of poison)]
  2763 | D:4      | Succumbed to poison (a potion of poison)

Action                   |  1- 3 |  4- 6 || total
-------------------------+-------+-------++-------
Melee: Short sword       |    28 |    28 ||    56
 Cast: Shock             |    45 |    61 ||   106
       Repel Missiles    |     1 |       ||     1
  Use: Potion            |       |     3 ||     3
 Stab: Sleeping          |     5 |     5 ||    10
  Eat: Chunk             |     2 |     2 ||     4
       Beef jerky        |       |     1 ||     1
